Cogmind - Beta 15 @@@ ROGUE MODE // 2025.05.13 @ 21:49:44 Player: WarpDagger Result: Destroyed by Y-45 Defender with Heavy Assault Rifle Performance ------------- Evolutions (1) 500 Regions Visited (2) 400 Robots Destroyed (8) 40 Value Destroyed (121) 121 Prototype IDs (0) 0 Alien Tech Used (0) 0 Bonus (200) 200 TOTAL SCORE: 1261 Bonus ------- Pacifist 200 Cogmind --------- Core Integrity 0/400 Matter 256/300 Energy 48/100 System Corruption 0% Temperature Cool (9) Movement Flying (117) Ox1 Location -9/Materials Parts ------- > --- POWER (1) -------- (None) > --- PROPULSION (2) --- Flight Unit Flight Unit > --- UTILITY (4) ------ Small Storage Unit Light Armor Plating > --- WEAPON (2) ------- Autogun > --- INVENTORY (8) ---- Sensor Array Datajack Peak State ------------ > --- POWER ------------ Ion Engine > --- PROPULSION ------- Aluminum Leg Aluminum Leg > --- UTILITY ---------- Small Storage Unit Seismic Detector ECM Suite Tractor Beam > --- WEAPON ----------- Light Assault Rifle Light Assault Rifle > --- INVENTORY -------- Datajack Datajack [Rating: 9] Favorites ----------- Power Ion Engine Engine Ion Engine Propulsion Aluminum Leg Leg Aluminum Leg Flight Unit Flight Unit Utility Small Storage Unit Device ECM Suite Storage Small Storage Unit Protection Light Armor Plating Weapon Light Assault Rifle Ballistic Gun Light Assault Rifle Special Melee Weapon Datajack Build | -11 -10 -9 ------- Run | Yrd Mat Mat Slots Evolved 2 | . . 2 Power . | . . . Propulsion . | . . . Utility 2 | . . 2 Weapon . | . . . Parts Attached 14 | 6 1 7 Power 1 | 1 . . Engine 1 | 1 . . Core . | . . . Reactor . | . . . Propulsion 4 | 2 . 2 Treads . | . . . Leg 2 | 2 . . Wheel . | . . . Hover . | . . . Flight 2 | . . 2 Utility 5 | 1 1 3 Device 3 | . 1 2 Storage 1 | 1 . . Processor . | . . . Hackware . | . . . Protection 1 | . . 1 Artifact . | . . . Weapon 4 | 2 . 2 Energy Gun . | . . . Energy Cannon . | . . . Ballistic Gun 3 | 2 . 1 Ballistic Cannon . | . . . Launcher . | . . . Special Weapon . | . . . Impact Weapon . | . . . Slashing Weapon . | . . . Piercing Weapon . | . . . Special Melee Weapon 1 | . . 1 Unidentified Prototypes . | . . . Parts Lost 9 | . . 9 Power 1 | . . 1 Propulsion 2 | . . 2 Utility 3 | . . 3 Weapon 3 | . . 3 Highest Loss Streak 8 | . . 8 To Critical Strikes . | . . . Average Backups 3 | . 1 4 Power . | . . . Propulsion . | . . 1 Utility . | . . 1 Weapon . | . . . Tool/Special . | . . . Unused Backups 2 | . . 2 Power . | . . . Propulsion . | . . . Utility 1 | . . 1 Weapon . | . . . Tool/Special 1 | . . 1 Average Slot Usage (%) 88 | . 92 87 Engine 10 | . 14 9 Leg 19 | . 28 16 Device 22 | . 7 29 Storage 11 | . 14 11 Ballistic Gun 22 | . 28 19 Peak Build Rating 9 | 6 7 9 Average Rating 7 | 3 6 7 On Entrance 4 | . 6 7 Naked Turns . | . . . Heaviest Build 16 | 12 14 16 Greatest Support 20 | 20 20 20 Greatest Overweight (x) 3 | 3 . 2 Average Overweight (x) . | . . . Largest Inventory Capacity 8 | 8 8 8 Average Capacity 7 | 7 8 8 Most Carried 6 | 4 4 6 Average Carried 3 | . 1 4 Final Capacity 8 | 8 8 8 Final Carried 4 | . 4 2 Class Distribution -------------------- 100% | Mutant Dominant Class ---------------- Mutant | -10/Materials Mutant | -9/Materials Resources | -11 -10 -9 ----------- Run | Yrd Mat Mat Matter Collected 324 | 244 . 80 Remotely 80 | . . 80 Salvage Created 147 | . . 147 Parts 18 | . . 18 Haulers Intercepted . | . . . Recyclers Shooed . | . . . Parts Field Recycled . | . . . Retrieved Matter . | . . . Parts Self-Destructed . | . . . Prevented . | . . . Kills | -11 -10 -9 ------- Run | Yrd Mat Mat Combat Hostiles Destroyed 7 | . . 7 Guns 7 | . . 7 Classes Destroyed 3 | . . 3 Watcher 1 | . . 1 Swarmer 6 | . . 6 Sentry 1 | . . 1 Best Kill Streak 3 | . . 3 Combat Bots Only 3 | . . 3 Max Kills in Single Turn 1 | . . 1 Gunslinging . | . . . Exploded . | . . . Melee . | . . . Uniques/NPCs Destroyed . | . . . Combat | -11 -10 -9 -------- Run | Yrd Mat Mat Hostile Shots Fired 134 | . . 134 Missed 47 | . . 47 Hits 87 | . . 87 Projectile 87 | . . 87 Critical Strikes 4 | . . 4 Damage Taken 985 | . . 985 Core 403 | . . 403 Absorbed by Shields . | . . . Core Remaining (%) 100 | 100 100 . Volleys Fired 32 | . 1 31 Largest 2 | . 2 2 Hottest 40 | . 40 40 Shots Fired 59 | . 2 57 Gun 59 | . 2 57 Cannon . | . . . Launcher . | . . . Special . | . . . Kinetic 59 | . 2 57 Thermal . | . . . Explosive . | . . . Electromagnetic . | . . . Robot Hit Streak 8 | . . 8 Robot Miss Streak 7 | . 2 7 Penetration Max . | . . . Secondary Targets 2 | . . 2 Max Gunslinging Chain 1 | . . 1 Shots Hit Robots 36 | . . 36 Core Hits 15 | . . 15 Critical Kills . | . . . Critical Parts Destroyed 1 | . . 1 Critical Strikes 1 | . . 1 Destroy 1 | . . 1 Melee Attacks 2 | . . 2 Impact . | . . . Slashing . | . . . Piercing . | . . . Sneak Attacks . | . . . Combat Hostiles . | . . . Follow-up Attacks . | . . . Damage Inflicted 321 | . . 321 Guns 310 | . . 310 Cannons . | . . . Explosions . | . . . Melee . | . . . Ramming 11 | . . 11 Kinetic 310 | . . 310 Thermal . | . . . Explosive . | . . . Electromagnetic . | . . . Impact . | . . . Slashing . | . . . Piercing . | . . . Highest Corruption . | . . . Average Corruption . | . . . Corruption Purged . | . . . Corruption Blocked . | . . . Overload Shots . | . . . Overflow Damage . | . . . Projectiles . | . . . Explosions . | . . . Melee . | . . . Knockbacks . | . . . Impact . | . . . Kinetic . | . . . Secondary . | . . . Self-Inflicted Damage . | . . . Shots . | . . . Rammed 2 | . . 2 Targets Rammed 7 | . . 7 Kicked 5 | . . 5 Crushed . | . . . Highest Temperature 24 | . . 24 Average Temperature 8 | . . 8 Received Heat Transfer 330 | . . 330 Siege Activations . | . . . Martial Activations . | . . . Shielding Activations . | . . . Robots Disrupted . | . . . Combat Hostiles . | . . . Robots Corrupted . | . . . Combat Hostiles . | . . . Parts Fried . | . . . Impact Corruptions . | . . . Robots Melted . | . . . Combat Hostiles . | . . . Parts Melted . | . . . Heat Transferred . | . . . Parts Sabotaged . | . . . Parts Stolen . | . . . Parts Stripped . | . . . Power Chain Reactions . | . . . Alert | -11 -10 -9 ------- Run | Yrd Mat Mat Maximum Alert Level . | . . . Low Security (%) 100 | 100 100 100 Level 1 . | . . . Level 2 . | . . . Level 3 . | . . . Level 4 . | . . . Level 5 . | . . . High Security . | . . . Max Security . | . . . Peak Influence 60 | . 5 60 Initial . | . . . Average 17 | . . 26 Influence Increases 182 | . 5 177 Destroy 0b10 Robot/C 140 | . . 140 Destroy 0b10 Robot/NC 5 | . . 5 Destroy Leader 32 | . . 32 Successful Hack 5 | . 5 . Influence Decreases 182 | . 5 177 Time Decay 142 | . 5 137 Lost Part 40 | . . 40 Squads Dispatched 1 | . . 1 Investigation . | . . . Extermination . | . . . Reinforcement 1 | . . 1 Assault . | . . . Garrison . | . . . Intercept . | . . . Searches Triggered . | . . . Construction Impeded . | . . . Haulers Reinforced . | . . . Active Scanning Responses . | . . . Cargo Convoy Interrupts . | . . . Stealth | -11 -10 -9 --------- Run | Yrd Mat Mat Distress Signals 2 | . . 2 Communications Jammed . | . . . Distress Signals . | . . . Times Spotted 20 | . 2 18 Peak Tracking Total 5 | . 1 5 Tactical Retreats 4 | . . 4 Traps | -11 -10 -9 ------- Run | Yrd Mat Mat Traps Triggered . | . . . Indirectly . | . . . Trap Hack Attempts . | . . . Triggered . | . . . Disarmed . | . . . Reprogrammed . | . . . Reused . | . . . Traps Extracted . | . . . Installed . | . . . Triggered . | . . . Machines | -11 -10 -9 ---------- Run | Yrd Mat Mat Machines Disabled . | . . . Max in Single Turn . | . . . Machines Repaired . | . . . Machines Dismantled . | . . . Machines Sabotaged . | . . . Overloaded Fab Kills . | . . . Hacking | -11 -10 -9 --------- Run | Yrd Mat Mat Machines Accessed 1 | . 1 . Terminals 1 | . 1 . Fabricators . | . . . Repair Stations . | . . . Recycling Units . | . . . Scanalyzers . | . . . Garrison Access . | . . . Total Hacks 2 | . 2 . Successful 1 | . 1 . Failed 1 | . 1 . Catastrophic . | . . . Database Lockouts . | . . . Manual . | . . . Terminals 2 | . 2 . Fabricators . | . . . Repair Stations . | . . . Recycling Units . | . . . Scanalyzers . | . . . Garrison Access . | . . . Terminal Hacks 1 | . 1 . Zone Layout 1 | . 1 . Fabricator Hacks . | . . . Repair Station Hacks . | . . . Recycling Unit Hacks . | . . . Scanalyzer . | . . . Garrison Access Hacks . | . . . Unauthorized Hacks . | . . . Terminals . | . . . Fabricators . | . . . Repair Stations . | . . . Recycling Units . | . . . Scanalyzers . | . . . Garrison Access . | . . . Data Cores Recovered . | . . . Used . | . . . Hacking Detections 1 | . 1 . Full Trace Events . | . . . Feedback Events . | . . . Feedback Blocked . | . . . Robot Schematics Acquired . | . . . Robots Built . | . . . Authchips . | . . . Time . | . . . Total Robot Build Rating . | . . . Part Schematics Acquired . | . . . Parts Built . | . . . Authchips . | . . . Time . | . . . Total Part Build Rating . | . . . Parts Repaired . | . . . Time . | . . . Parts Recycled . | . . . Recycled Matter . | . . . Retrieved Matter . | . . . Retrieved Components . | . . . Parts Scanalyzed . | . . . Part Schematics Acquired . | . . . Parts Damaged . | . . . Bothacking | -11 -10 -9 ------------ Run | Yrd Mat Mat Used RIF Installer . | . . . Robots Hacked 1 | . . 1 Non-combat . | . . . Combat 1 | . . 1 Robot Hacks Applied 1 | . . 1 parse_system 1 | . . 1 Relay Couplers Released . | . . . Fabnet Peak Effective % . | . . . Robots Rewired . | . . . Allies Hacked . | . . . Hacks Repelled . | . . . Allies | -11 -10 -9 -------- Run | Yrd Mat Mat Total Allies . | . . . Largest Group . | . . . Highest-Rated Group . | . . . Highest-Rated Ally . | . . . Total Orders . | . . . Ally Attacks . | . . . Total Damage . | . . . Kills . | . . . Allies Corrupted . | . . . Allies Melted . | . . . Intel | -11 -10 -9 ------- Run | Yrd Mat Mat Active Infowar (turns) 393 | . 68 325 Seismic 307 | . . 307 ECM 393 | . 68 325 Robot Analysis Total . | . . . Derelict Logs Recovered . | . . . Drone Launches . | . . . Drone Recoveries . | . . . Exploration | -11 -10 -9 ------------- Run | Yrd Mat Mat Turns Passed 521 | 46 127 348 Spaces Moved 315 | 34 99 182 Core 40 | 19 . 21 Treads . | . . . Legs 275 | 15 99 161 Wheels . | . . . Hover . | . . . Flight . | . . . Fastest Speed 50 | 50 120 100 Average Speed 124 | 102 120 130 Slowest Speed 200 | 200 120 190 Overloaded Moves . | . . . Propulsion Burnouts . | . . . Robots Hopped . | . . . Potential Cave-ins . | . . . Cave-ins Triggered . | . . . Exploration Rate (%) 15 | 4 16 25 Regions Visited 2 Branch Regions . Pre-discovered Areas . | . . . Known Exits Taken . | . . . Unknown Exits Taken 2 | 1 1 . Scrap Searched . | . . . Spaces Dug . | . . . Terrain Destroyed . | . . . Melee . | . . . Projectile . | . . . AOE . | . . . Terrain Rammed . | . . . Walls Destroyed . | . . . Machines Disabled . | . . . Actions | -11 -10 -9 --------- Run | Yrd Mat Mat Total 392 | 45 105 242 Wait 8 | . . 8 Move 313 | 33 98 182 Hop . | . . . Pick Up 16 | 6 5 5 Fast Attach . | . . . Attach 14 | 6 1 7 Detach . | . . . Swap . | . . . Drop . | . . . Fire 32 | . 1 31 Melee 2 | . . 2 Ram 2 | . . 2 Kick 5 | . . 5 Crush . | . . . Escape Stasis . | . . . Rewire . | . . . Trap . | . . . Miscellaneous . | . . . Route ------- -11/Scrapyard -10/Materials -9/Materials History --------- Turn | Location | Event 2 | -11/Scrapyard | Met Revision 17 8 | -11/Scrapyard | Discovered new exit (range 15) 47 | -11/Scrapyard | Entered Materials 169 | -10/Materials | Discovered new exit (range 5) 174 | -10/Materials | Entered another Materials area 174 | -9/Materials | Evolved 2 slots: Utility x2 310 | -9/Materials | Build established: Mutant 497 | -9/Materials | Core integrity fell below 50% 509 | -9/Materials | Core integrity fell below 20% 522 | -9/Materials | Destroyed by Y-45 Defender with Heavy Assault Rifle Last Messages --------------- K-01 Serf collects debris. Seismic Detector destroyed. K-01 Serf collects debris. Critical hit (Burn: +37). Jacked Y-45 Defender... >>parse_system Reading system data... Lgt. Assault Rifle destroyed. K-01 Serf collects debris. Jacked Y-45 Defender... Command string: shutdown No effect. Slammed into Y-45 Defender. K-01 Serf collects debris. Slammed into Y-45 Defender. K-01 Serf collects debris. ECM Suite destroyed. K-01 Serf collects debris. Datajack destroyed. Acquired Autogun. Map ----- +----------------------------------------------------+ | ?????????????# #???????? #??????????# | | ?????????????+ ##???????# #??????????# | | ?????????????# ????????# #??????????# | | ?????????????# #????????# #??????????# | | ?????????????# #????????# #??????????# | | ?????????????# ########## ############ | | ?????????????# | | ???????#+##### | | ???????+ % % % % | | ???????# ######+##### | | ???????# ## # | | ???????# ## + | | ???????# ## #################### | | ???????# ## #??????????????????# | | ???????# ## #??????????????????### | | ???????# T# #????????????????????? | | ???????# ## #????????????????????? | | ???????# ## #????????????????????? | | ??????##+############????????????????????? | | ??????# #?????????????????????????? | | ??????# #?????????????????????????? | | ??????# #?????????????????????????? | | ??????# ########??????????????????? | | ??????# ! # #??????????????????? | | ??????# % # [[ #??????????????????? | | ??????# # @[ #??????????????????? | | ??????# # #??????????????????? | | ??????# # #??????????????????? | | ?###########/### #??????????????????? | | # # ##Y###+##?????????????????? | | # """ # #?????????????????? | | # """ + +?????????????????? | | # """ # w #?????????????????? | | # # ##### #?????????????????? | | # """ #######???? #?????????????????? | | # """ #??????????? #?????????????????? | | ? """ #??????????? #?????????????????? | | ? #???????????? #?????????????????? | | ##########???????????? #?????????????????? | | ???????????????????????#?????????????????? | | ?????????????????????????????????????????? | | ?????????????????????????????????????????? | | ?????????????????????????????????????????? | | ?????????????????????????????????????????? | | ?????????????????????????????????????????? | | ?????????????????????????????????????????? | | ?????????????????????????????????????????? | | ?????????????????????????????????????????? | | ?????????????????????????????????????????? | | ?????????????????????????????????????????? | +----------------------------------------------------+ Best States ------------- Heat Dissipation 28 Energy Generation 10 Energy Capacity 250 Matter Stores 300 Matter Capacity 300 Sight Range 16 Terrain Scan Density 10 ECM Strength 1 Armor Coverage 150 Evasion (%) 55 Item Schematics ----------------- None Robot Schematics ------------------ None Fabricated ------------ Nothing Repaired ---------- Nothing Alien Tech Used ----------------- None Achievements -------------- None Challenges ------------ None Game ------ Seed NavigationStormDrillbomb Manual? 0 Play Time 00:07:53 Cumulative 9.2 hours Start 2025.05.13 @ 21:43:53 End 2025.05.13 @ 21:49:44 Sessions 1 Manual Loads 0 Difficulty Rogue Special Mode None Game No. 27 Rogue 27 Adventurer 0 Explorer 0 Win Type - Total 0 Types 0/0/0/0/0/0/0/0/0/0 Lore% 3 Gallery% 22 Achievement% 17 Wizard Run 0 Options --------- Layout 1 ASCII 0 Keyboard 0 Movement Numpad Keybinds 0 Fullscreen 1 Font 24/Smallcaps Map View 50x35 Zoom Use 0% Tactical HUD 0 Map Filters NONE Filters NONE Steam 1 RUN: c56cb09a-fded-46d5-865a-7a3196cf0b23